 Dungeon Crawl Stone Soup version 0.23.2-1-ga50397a (webtiles) character file.

Game seed: 7476050706221213528

116 hawkwood the Chopper (level 4, -3/37 HPs)
             Began as a Minotaur Gladiator on Apr 26, 2019.
             Slain by a gnoll
             ... wielding a +0 club
              (5 damage)
             ... on level 3 of the Dungeon.
             The game lasted 00:02:19 (1674 turns).

hawkwood the Chopper (Minotaur Gladiator)           Turns: 1674, Time: 00:02:20

Health: -3/37      AC:  3    Str: 18    XL:     4   Next: 70%
Magic:  3/3        EV: 13    Int:  6    God:
Gold:   185        SH:  0    Dex: 12    Spells: 3/3 levels left

rFire    . . .     SeeInvis .   a - +0 war axe
rCold    . . .     Gourm    .   (no shield)
rNeg     . . .     Faith    .   t - +0 leather armour (curse)
rPois    .         Spirit   .   c - +0 hat
rElec    .         Reflect  .   (no cloak)
rCorr    .         Harm     .   (no gloves)
MR       .....                  (no boots)
Stlth    +.........             (no amulet)
HPRegen  0.12/turn              (no ring)
MPRegen  0.08/turn              (no ring)

@: no status effects
A: retaliatory headbutt, horns 2
a: no special abilities


You were on level 3 of the Dungeon.
You were not hungry.

You visited 1 branch of the dungeon, and saw 3 of its levels.

You collected 185 gold pieces.

Inventory:

Hand Weapons
 a - a +0 war axe (weapon)
Missiles
 d - 3 throwing nets (quivered)
 e - 13 javelins
 h - 28 arrows
 l - 31 sling bullets
 r - 24 poisoned needles
Armour
 b - a +0 leather armour
 c - a +0 hat (worn)
 t - a cursed +0 leather armour (worn)
Wands
 q - a wand of paralysis (7)
Scrolls
 g - a scroll of identify {unknown}
 i - a scroll of enchant weapon {unknown}
 k - a scroll of amnesia {unknown}
 m - a scroll of fog {unknown}
 n - a scroll of teleportation {unknown}
 o - a scroll of remove curse {unknown}
Potions
 j - 4 potions of curing {unknown}
 p - a potion of might {unknown}
Comestibles
 f - 4 rations
 s - 5 chunks of flesh


   Skills:
 - Level 2.4 Fighting
 + Level 6.6 Axes
 - Level 2.0 Throwing
 - Level 3.2 Dodging


You had 3 spell levels left.
You didn't know any spells.
Your spell library was empty.

Dungeon Overview and Level Annotations

Branches:
Dungeon (3/15)

Altars:
Xom


Innate Abilities, Weirdness & Mutations

You reflexively headbutt those who attack you in melee.
You have a pair of horns on your head.


Message History

You slash the gnoll!
The gnoll is almost dead.
The gnoll closely misses you.
You slash the gnoll!
You kill the gnoll!
The gnoll hits you with a +0 whip!
* * * LOW HITPOINT WARNING * * *
You slash the gnoll!
You kill the gnoll!
A gnoll comes into view. It is wielding a +0 club.
The gnoll shouts!
Items here: ! )) † a +0 whip; a +0 spear; a sedimented black potion; a gnoll corpse The gnoll closely misses you.
You closely miss the gnoll. The gnoll hits you with a +0 club.
* * * LOW HITPOINT WARNING * * *
You hit the gnoll.
The gnoll is moderately wounded.
The gnoll hits you with a +0 club.
You die...

################
.......g..g....#
............##.#
............##.##############
............##.g@).......>..#
#########################.###
# #.# # #.# # #.# # #.# # #.#
. #.# . #.#


You could see a gnoll.

Vanquished Creatures
  2 gnolls (D:3)
  2 adders
  2 worms (D:2)
  A dart slug (D:2)
  3 leopard geckos
  An orc (D:2)
  15 giant cockroaches
  8 goblins
  7 hobgoblins
  A quokka (D:3)
  A ball python (D:2)
  3 bats
  2 frilled lizards
  7 kobolds
  7 rats (D:1)
62 creatures vanquished.

Notes
Turn   | Place    | Note
-------+----------+-------------------------------------------
     0 | D:1      | hawkwood the Minotaur Gladiator began the quest for the
                  | Orb.
     0 | D:1      | Reached XP level 1. HP: 18/18 MP: 0/0
    60 | D:1      | Reached skill level 4 in Axes
   232 | D:1      | Reached XP level 2. HP: 23/25 MP: 1/1
   474 | D:1      | Reached skill level 5 in Axes
   728 | D:1      | Reached XP level 3. HP: 30/30 MP: 2/2
   909 | D:2      | Found a shimmering altar of Xom.
  1238 | D:2      | Reached skill level 6 in Axes
  1238 | D:2      | Reached XP level 4. HP: 34/37 MP: 3/3
  1674 | D:3      | Slain by a gnoll

Skill      XL: |  1  2  3 |
---------------+----------+-----
Axes           | 4 5 6 |  6.6
Fighting       | |  2.4
Throwing       | |  2.0
Dodging        | |  3.2

Action                   |  1- 3 |  4- 6 || total
-------------------------+-------+-------++-------
Melee: War axe           |    73 |    26 ||    99
       Headbutt          |    10 |       ||    10
  Eat: Chunk             |     1 |     1 ||     2
Armor: Leather armour    |    26 |     4 ||    30
Dodge: Dodged            |    50 |    26 ||    76
